 Dungeon Crawl Stone Soup version 0.27.1-34-g3ba077fa99 (console) character file.

Game seed: 1040729069210149854

42 Banquo the Chopper (level 3, -2/30 HPs)
             Began as a Djinni Chaos Knight on Jan 2, 2022.
             Was a Plaything of Xom.
             Frozen to death by an endoplasm (4 damage)
             ... on level 2 of the Dungeon.
             The game lasted 00:03:34 (1938 turns).

Banquo the Chopper (Djinni Chaos Knight)            Turns: 1938, Time: 00:03:34

Health: -2/30      AC: 10    Str: 12    XL:     3   Next: 80%
Gold:   71         EV:  3    Int: 13    God:    Xom [......] SH:  0 Dex: 12

rFire    + + .     SeeInvis .   a - +0 hand axe (chaos)
rCold    x . .     Faith    .   (no shield)
rNeg     . . .     Spirit   .   l - +0 plate armour
rPois    ∞         Reflect  .   (no helmet)
rElec    .         Harm     .   o - scarf {repulsion}
rCorr    .         Rampage  .   (no gloves)
Will     .....                  (boots unavailable)
Stlth    ..........             (no amulet)
HPRegen  0.10/turn              (no ring)
MPRegen  0.00/turn              (no ring)

@: flying, repel missiles
A: sickness immunity, fire resistance 2, cold vulnerability 1, float, innate
caster, hp casting, extra vitality 1
a: Renounce Religion


You were on level 2 of the Dungeon.
You worshipped Xom.
You were a very special plaything of Xom.
You visited 1 branch of the dungeon, and saw 4 of its levels.

You collected 71 gold pieces.

Inventory:

Hand Weapons
 a - a +0 hand axe of chaos (weapon)
 c - a +0 spear
 d - a +1 dagger of draining
 j - a +1 dagger of venom
Missiles
 i - 42 stones (quivered)
Armour
 b - a +2 leather armour
 l - a +0 plate armour (worn)
 o - a scarf of repulsion (worn)
Scrolls
 h - a scroll of identify {unknown}
 k - a scroll of immolation {unknown}
 n - a scroll of blinking {unknown}
Potions
 f - a potion of magic {unknown}
 g - a potion of brilliance {unknown}
 m - a potion of curing {unknown}


   Skills:
 - Level 3.0 Fighting
 * Level 3.4 Axes
 * Level 1.8 Armour
 - Level 2.1 Dodging


You had one spell level left.
You knew the following spells:

 Your Spells              Type           Power      Damage    Failure   Level
a - Sting                 Tmut/Pois      0%         1d3       100%        1
Your spell library was empty.


Dungeon Overview and Level Annotations

Branches:
Dungeon (4/15)
 Temple: D:4-7

Altars:


Innate Abilities, Weirdness & Mutations

You are immune to sickness and miasma.
You are immune to poison.
Your flesh is very heat resistant. (rF++)
You are vulnerable to cold. (rC-)
You float through the air rather than walking.
You learn spells naturally, not from books.
Your magical power is your life essence.
You have superior vitality. (+4 HP)


Message History

You hit the endoplasm but do no damage.
The endoplasm flickers and vanishes!
Deactivating autopickup; reactivate with Ctrl-A.
Something hits you but does no damage.
No target in view!
No target in view!
No target in view!
Your plate armour prevents you from hitting something.
You are frozen.
Something hits you but does no damage.
Your plate armour prevents you from hitting something.
Something hits you but does no damage.
You barely miss something. Something hits you but does no damage.
You hit something.
Nothing appears to happen.
You are frozen.
Something hits you but does no damage.
You closely miss something. Something hits you.
You hit something. You freeze something.
You are frozen.
You feel a terrible chill!
You are frozen!
You feel a terrible chill!
A shower of butterflies erupts from you!
You hit something.
Nothing appears to happen.
Something hits you but does no damage.
You are frozen.
You swap places.
Something completely misses your butterfly. x2
Something hits you but does no damage.
You are frozen!
You feel a terrible chill!
Xom roars with laughter!
* * * LOW HITPOINT WARNING * * *
Something hits you but does no damage. Something hits you but does no damage.
You see here a +0 hand axe.
You are frozen.
You feel a terrible chill!
* * * LOW HITPOINT WARNING * * *
Something hits you but does no damage. Something hits you.
* * * LOW HITPOINT WARNING * * *
Something hits you but does no damage. Something hits you but does no damage.
It was a potion of flight.
You feel more buoyant.
You are frozen.
You feel a terrible chill!
You die...
Xom yawns loudly!

#.#
#####.
#.# ##
#.#
####
#.#
#...
###.#
#...
#...#
#...
#.###
#...
#.#
##..
#@#
###
#.# #
#.# #
#.# #
#.#
#.#
#.#
#.#
#.#


There were no monsters in sight!

Vanquished Creatures
  A worm (D:2)
  2 dart slugs (D:2)
  3 ball pythons
  3 bats
  2 endoplasms (D:2)
  3 giant cockroaches
  4 goblins (D:1)
  3 hobgoblins
  2 kobolds (D:1)
  2 quokkas (D:2)
  7 frilled lizards (D:1)
  2 rats (D:1)
34 creatures vanquished.

Notes
Turn   | Place    | Note
-------+----------+-------------------------------------------
     0 | D:1      | Banquo the Djinni Chaos Knight began the quest for the Orb.
     0 | D:1      | Reached XP level 1. HP: 20/20 MP: 0/0
    22 | D:1      | XOM: potion effect (haste)
   126 | D:1      | XOM: smoke on damage
   206 | D:1      | Reached XP level 2. HP: 16/25 MP: 0/0
   559 | D:1      | XOM: divination: detect creatures
   766 | D:1      | Reached XP level 3. HP: 24/30 MP: 0/0
   766 | D:1      | Learned a level 1 spell: Sting
  1309 | D:2      | XOM: 2-stop teleportation journey
  1470 | D:2      | XOM: divination: detect items
  1604 | D:2      | XOM: silly message
  1716 | D:2      | XOM: confusion (+ monsters)
  1789 | D:2      | You are sucked into a shaft and drop 2 floors!
  1822 | D:3      | XOM: noise
  1913 | D:2      | XOM: butterfly on damage
  1938 | D:2      | Frozen to death by an endoplasm

Illustrated notes

Levels and vault maps discovered:
D:1:      lightli_arrival_boilingwater, layout_loops_ring, grunt_decor_cap,
          hangedman_abyss_or_decor_lesser_grid, minmay_lizard_pond
D:2:      layout_basic
D:3:      layout_basic
D:4:      layout_basic, kennysheep_okawaru_gauntlet, serial_shops,
          nicolae_shop_stone

Skill      XL: |  1  2 |
---------------+-------+-----
Axes           | 3 |  3.4
Fighting       | |  3.0
Armour         | |  1.8
Dodging        | |  2.1

Action                   || total
-------------------------++-------
Melee: Hand axe          ||   139
  Use: Potion            ||     1
 Stab: Paralysed         ||     1
       Sleeping          ||     1
Armor: Leather armour    ||    34
       Plate armour      ||    30
Dodge: Dodged            ||    58
